TOP OF THE 1ST |
Kentucky Wildcats batting - Pitching for Utah Utes : RHP Dudley Simmons
|
Pitching: RHP Dudley Simmons
|
|
Batting: RHB Haywood Young
|
0-0: Ball 1-0: Ball 2-0: DOUBLE (Groundball, 3L)
|
Batting: RHB Gabriel Sánchez
|
0-0: Called Strike 0-1: Swinging Strike 0-2: DOUBLE (Line Drive, 3D) Haywood Young scores
|
Batting: RHB Travis Kramer
|
0-0: Called Strike 0-1: Swinging Strike 0-2: Ball 1-2: Ball 2-2: Ball 3-2: Ground out 5-3 (Groundball, 5S) Gabriel Sánchez to third
|
Batting: RHB Sam Robinson
|
0-0: Ball 1-0: Foul Ball, location: 2F 1-1: Foul Ball, location: 2F 1-2: Strikes out looking
|
Batting: RHB Johnny Carson
|
0-0: Ball 1-0: Ball 2-0: Ball 3-0: Base on Balls
|
Batting: RHB Ken Jenkins
|
0-0: Ball 1-0: Foul Ball, location: 2F 1-1: Ball 2-1: Ball 3-1: Called Strike 3-2: Base on Balls Johnny Carson to second
|
Batting: RHB Jamal Martínez
|
0-0: Ball 1-0: Called Strike 1-1: Called Strike 1-2: Strikes out swinging
|
Top of the 1st over - 1 run, 2 hits, 0 errors, 3 left on base; Kentucky 1 - Utah 0 |
BOTTOM OF THE 1ST |
Utah Utes batting - Pitching for Kentucky Wildcats : LHP Chris Morgan
|
Pitching: LHP Chris Morgan
|
|
Batting: RHB Dustin Márquez
|
0-0: Called Strike 0-1: Ball 1-1: Foul Ball, location: 2F 1-2: Foul Ball, location: 2F 1-2: Ball 2-2: Ball 3-2: Base on Balls
|
Batting: LHB Mark Roberts
|
0-0: Ball 1-0: Foul Ball, location: 2F 1-1: Ground out U3 (Groundball, 34S) Dustin Márquez to second
|
Batting: RHB Leo Snyder
|
0-0: Called Strike 0-1: Foul Ball, location: 2F 0-2: Strikes out swinging
|
Batting: RHB Walt Miller
|
0-0: Called Strike 0-1: SINGLE (Line Drive, 7S) Dustin Márquez to third
|
Batting: RHB J.R. Nelson
|
0-0: Ball 1-0: Swinging Strike 1-1: Fly out, F9 (Flyball, 89D)
|
Bottom of the 1st over - 0 runs, 1 hit, 0 errors, 2 left on base; Kentucky 1 - Utah 0 |
TOP OF THE 2ND |
Kentucky Wildcats batting - Pitching for Utah Utes : RHP Dudley Simmons
|
Batting: RHB Chris Young
|
0-0: Foul Ball, location: 2F 0-1: Ground out 6-3 (Groundball, 6D)
|
Batting: RHB Ken Walsh
|
0-0: Fly out, F3 (Popup, 3F)
|
Batting: RHB Haywood Young
|
0-0: Ball 1-0: Ball 2-0: Called Strike 2-1: Called Strike 2-2: Strikes out swinging
|
Top of the 2nd over - 0 runs, 0 hits, 0 errors, 0 left on base; Kentucky 1 - Utah 0 |
BOTTOM OF THE 2ND |
Utah Utes batting - Pitching for Kentucky Wildcats : LHP Chris Morgan
|
Batting: LHB Lorenzo Romo
|
0-0: Ball 1-0: Swinging Strike 1-1: Ball 2-1: Ground out U3 (Groundball, 34)
|
Batting: RHB Leonardo Salazar
|
0-0: Ball 1-0: Ball 2-0: Ball 3-0: Base on Balls
|
Batting: RHB Jesús Bermúdez
|
0-0: Called Strike 0-1: Ball 1-1: Called Strike 1-2: Strikes out looking
|
Batting: SHB Jonathan Huff
|
0-0: Ball 1-0: Ball 2-0: Swinging Strike 2-1: Swinging Strike 2-2: Ball 3-2: Strikes out swinging
|
Bottom of the 2nd over - 0 runs, 0 hits, 0 errors, 1 left on base; Kentucky 1 - Utah 0 |
TOP OF THE 3RD |
Kentucky Wildcats batting - Pitching for Utah Utes : RHP Dudley Simmons
|
Batting: RHB Gabriel Sánchez
|
0-0: Swinging Strike 0-1: Foul Ball, location: 2F 0-2: Ball 1-2: Fly out, F8 (Flyball, 8RD)
|
Batting: RHB Travis Kramer
|
0-0: Called Strike 0-1: Ball 1-1: Foul Ball, location: 2F 1-2: Ball 2-2: Fly out, F8 (Flyball, 8LM)
|
Batting: RHB Sam Robinson
|
0-0: SINGLE (Groundball, 34D)
|
Batting: RHB Johnny Carson
|
0-0: Ball 1-0: Ball 2-0: Called Strike 2-1: Swinging Strike 2-2: Foul Ball, location: 2F 2-2: Ball 3-2: Strikes out swinging
|
Top of the 3rd over - 0 runs, 1 hit, 0 errors, 1 left on base; Kentucky 1 - Utah 0 |
BOTTOM OF THE 3RD |
Utah Utes batting - Pitching for Kentucky Wildcats : LHP Chris Morgan
|
Batting: RHB Dustin Márquez
|
0-0: Called Strike 0-1: Ball 1-1: Called Strike 1-2: Strikes out swinging
|
Batting: LHB Mark Roberts
|
0-0: Ball 1-0: Foul Ball, location: 2F 1-1: Swinging Strike 1-2: Strikes out looking
|
Batting: RHB Leo Snyder
|
0-0: Swinging Strike 0-1: Ball 1-1: Foul Ball, location: 2F 1-2: Ball 2-2: Ball 3-2: Reached on error, E6 (Groundball, 6)
|
Batting: RHB Walt Miller
|
0-0: Called Strike 0-1: Ball 1-1: Swinging Strike 1-2: Ball 2-2: Foul Ball, location: 2F 2-2: Foul Ball, location: 2F 2-2: Fly out, F9 (Line Drive, 89S)
|
Bottom of the 3rd over - 0 runs, 0 hits, 1 error, 1 left on base; Kentucky 1 - Utah 0 |
TOP OF THE 4TH |
Kentucky Wildcats batting - Pitching for Utah Utes : RHP Dudley Simmons
|
Batting: RHB Ken Jenkins
|
0-0: Ball 1-0: Ball 2-0: Ball 3-0: Called Strike 3-1: SINGLE (Line Drive, 34D)
|
Batting: RHB Jamal Martínez
|
0-0: Ball 1-0: Ball 2-0: Foul Ball, location: 2F 2-1: Swinging Strike 2-2: Ball 3-2: Strikes out swinging
|
Batting: RHB Chris Young
|
0-0: Called Strike 0-1: Foul Ball, location: 2F 0-2: Ball 1-2: Foul Ball, location: 2F 1-2: SINGLE (Line Drive, 6M) Ken Jenkins to second
|
Batting: RHB Ken Walsh
|
0-0: Called Strike 0-1: Fly out, F3 (Flyball, 34D)
|
Batting: RHB Haywood Young
|
0-0: Swinging Strike 0-1: Ball 1-1: Ball 2-1: Fly out, F9 (Flyball, 9S)
|
Top of the 4th over - 0 runs, 2 hits, 0 errors, 2 left on base; Kentucky 1 - Utah 0 |
TOP OF THE 5TH |
Kentucky Wildcats batting - Pitching for Utah Utes : RHP Dudley Simmons
|
Batting: RHB Gabriel Sánchez
|
0-0: Ball 1-0: Foul Ball, location: 2F 1-1: Foul Ball, location: 2F 1-2: Foul Ball, location: 2F 1-2: Ball 2-2: Ball 3-2: Strikes out looking
|
Pitching: RHP Ryan Lee
|
|
Batting: RHB Travis Kramer
|
0-0: Foul Ball, location: 2F 0-1: Swinging Strike 0-2: Ball 1-2: Fly out, F8 (Flyball, 8RD)
|
Batting: RHB Sam Robinson
|
0-0: Ball 1-0: Ground out 4-3 (Groundball, 4)
|
Top of the 5th over - 0 runs, 0 hits, 0 errors, 0 left on base; Kentucky 1 - Utah 2 |
BOTTOM OF THE 5TH |
Utah Utes batting - Pitching for Kentucky Wildcats : LHP Chris Morgan
|
Batting: LHB Mark Roberts
|
0-0: Ground out 4-3 (Groundball, 4)
|
Batting: RHB Leo Snyder
|
0-0: Ball 1-0: Ball 2-0: Swinging Strike 2-1: Called Strike 2-2: Strikes out swinging
|
Batting: RHB Walt Miller
|
0-0: Ball 1-0: Ball 2-0: Ground out 5-3 (Groundball, 56)
|
Bottom of the 5th over - 0 runs, 0 hits, 0 errors, 0 left on base; Kentucky 1 - Utah 2 |
TOP OF THE 6TH |
Kentucky Wildcats batting - Pitching for Utah Utes : RHP Ryan Lee
|
Batting: RHB Johnny Carson
|
0-0: Ball 1-0: Foul Ball, location: 2F 1-1: Ball 2-1: Ball 3-1: Base on Balls
|
Batting: RHB Ken Jenkins
|
0-0: Ground out U3 (Groundball, 3S) Johnny Carson to second
|
Batting: RHB Jamal Martínez
|
0-0: Ball 1-0: Ball 2-0: Ball 3-0: Called Strike 3-1: Base on Balls
|
Batting: RHB Chris Young
|
0-0: Ball 1-0: SINGLE (Line Drive, 7S) Johnny Carson to third Jamal Martínez to second
|
Batting: RHB Ken Walsh
|
0-0: Ball 1-0: Fly out, F8 (Flyball, 8LD) Runner from 3rd tags up, OUT at HOME
|
Top of the 6th over - 0 runs, 1 hit, 0 errors, 2 left on base; Kentucky 1 - Utah 2 |
BOTTOM OF THE 6TH |
Utah Utes batting - Pitching for Kentucky Wildcats : LHP Chris Morgan
|
Pitching: RHP Rafael Hernández
|
|
Batting: RHB J.R. Nelson
|
0-0: Ball 1-0: Ball 2-0: Fly out, F7 (Flyball, 7S)
|
Batting: LHB Lorenzo Romo
|
0-0: Ball 1-0: Called Strike 1-1: Ball 2-1: Ball 3-1: Base on Balls
|
Batting: RHB Leonardo Salazar
|
0-0: SINGLE (Flyball, 4MD) Lorenzo Romo to second
|
Batting: RHB Jesús Bermúdez
|
0-0: Ball 1-0: Ball 2-0: Foul Ball, location: 2F 2-1: Foul Ball, location: 2F 2-2: Ball 3-2: Base on Balls Lorenzo Romo to third Leonardo Salazar to second
|
Batting: SHB Jonathan Huff
|
0-0: Swinging Strike 0-1: Foul Ball, location: 2F 0-2: GRAND SLAM HOME RUN (Flyball, 9D), Distance : 387 ft
|
Pitching: RHP Ron Lambert
|
|
Batting: RHB Dustin Márquez
|
0-0: Ball 1-0: Ball 2-0: Ball 3-0: Base on Balls
|
Batting: LHB Mark Roberts
|
0-0: 2-RUN HOME RUN (Flyball, 9LD), Distance : 355 ft
|
Batting: RHB Leo Snyder
|
0-0: Called Strike 0-1: Ball 1-1: Foul Ball, location: 2F 1-2: Ball 2-2: Ball 3-2: Strikes out swinging
|
Batting: RHB Walt Miller
|
0-0: Ball 1-0: DOUBLE (Line Drive, 78D)
|
Batting: RHB J.R. Nelson
|
0-0: Ball 1-0: SINGLE (Line Drive, 9LM) Walt Miller to third
|
Batting: LHB Lorenzo Romo
|
0-0: Called Strike 0-1: Ball 1-1: Fly out, F8 (Flyball, 8RM)
|
Bottom of the 6th over - 6 runs, 5 hits, 0 errors, 2 left on base; Kentucky 1 - Utah 8 |
TOP OF THE 7TH |
Kentucky Wildcats batting - Pitching for Utah Utes : RHP Ryan Lee
|
Batting: RHB Haywood Young
|
0-0: Foul Ball, location: 2F 0-1: Ball 1-1: Fly out, F8 (Flyball, 89D)
|
Batting: RHB Gabriel Sánchez
|
0-0: SINGLE (Flyball, 9S)
|
Batting: RHB Travis Kramer
|
0-0: Ball 1-0: Foul Ball, location: 2F 1-1: Called Strike 1-2: Ball 2-2: Ball 3-2: Base on Balls Gabriel Sánchez to second
|
Batting: RHB Sam Robinson
|
0-0: Ball 1-0: SINGLE (Groundball, 4MD) (infield hit) Gabriel Sánchez to third Travis Kramer to second
|
Batting: RHB Johnny Carson
|
0-0: Called Strike 0-1: Foul Ball, location: 2F 0-2: Ball 1-2: Strikes out swinging
|
Batting: RHB Ken Jenkins
|
0-0: Called Strike 0-1: Ball 1-1: DOUBLE (Line Drive, 7LD) Gabriel Sánchez scores Travis Kramer scores Sam Robinson to third
|
Batting: RHB Jamal Martínez
|
0-0: Fly out, F8 (Line Drive, 8RD)
|
Top of the 7th over - 2 runs, 3 hits, 0 errors, 2 left on base; Kentucky 3 - Utah 8 |
BOTTOM OF THE 7TH |
Utah Utes batting - Pitching for Kentucky Wildcats : RHP Ron Lambert
|
Batting: RHB Leonardo Salazar
|
0-0: Foul Ball, location: 2F 0-1: Ball 1-1: Ball 2-1: Called Strike 2-2: Foul Ball, location: 2F 2-2: Strikes out swinging
|
Batting: RHB Jesús Bermúdez
|
0-0: Foul Ball, location: 2F 0-1: Ball 1-1: Ball 2-1: Called Strike 2-2: Strikes out swinging
|
Batting: SHB Jonathan Huff
|
0-0: Ball 1-0: Ball 2-0: Ball 3-0: Called Strike 3-1: Foul Ball, location: 2F 3-2: Base on Balls
|
Batting: RHB Dustin Márquez
|
0-0: Called Strike 0-1: SINGLE (Line Drive, 7LS) Jonathan Huff to second
|
Batting: LHB Mark Roberts
|
0-0: Called Strike 0-1: Ball 1-1: Ball 2-1: Ball 3-1: Foul Ball, location: 2F 3-2: Base on Balls Jonathan Huff to third Dustin Márquez to second
|
Pitching: RHP James Baker
|
|
Batting: RHB Leo Snyder
|
0-0: Called Strike 0-1: Ball 1-1: Called Strike 1-2: Ground out 1-3 (Groundball, P)
|
Bottom of the 7th over - 0 runs, 1 hit, 0 errors, 3 left on base; Kentucky 3 - Utah 8 |
TOP OF THE 8TH |
Kentucky Wildcats batting - Pitching for Utah Utes : RHP Ryan Lee
|
Batting: RHB Chris Young
|
0-0: Swinging Strike 0-1: Foul Ball, location: 2F 0-2: Ball 1-2: Strikes out swinging
|
Batting: RHB Ken Walsh
|
0-0: Ground out 4-3 (Groundball, 4M)
|
Batting: RHB Haywood Young
|
0-0: Ball 1-0: Called Strike 1-1: Ball 2-1: Ball 3-1: Base on Balls
|
Batting: RHB Gabriel Sánchez
|
0-0: Ball 1-0: Ball 2-0: Ball 3-0: Called Strike 3-1: Base on Balls Haywood Young to second
|
Pitching: RHP Stanley Benson
|
|
Batting: RHB Travis Kramer
|
0-0: Ball 1-0: Foul Ball, location: 2F 1-1: Ball 2-1: Ball 3-1: Foul Ball, location: 2F 3-2: Base on Balls Haywood Young to third Gabriel Sánchez to second
|
Batting: RHB Sam Robinson
|
0-0: Ball 1-0: Called Strike 1-1: Ball Wild Pitch! Haywood Young scores Gabriel Sánchez to third Travis Kramer to second 2-1: Swinging Strike 2-2: Ground out 5-3 (Groundball, 56)
|
Top of the 8th over - 1 run, 0 hits, 0 errors, 2 left on base; Kentucky 4 - Utah 8 |
BOTTOM OF THE 8TH |
Utah Utes batting - Pitching for Kentucky Wildcats : RHP James Baker
|
Batting: RHB Walt Miller
|
0-0: Ball 1-0: Ball 2-0: Swinging Strike 2-1: Fly out, F7 (Flyball, 78D)
|
Batting: RHB J.R. Nelson
|
0-0: Called Strike 0-1: Fly out, F7 (Flyball, 7D)
|
Pitching: RHP Doug Sales
|
|
Batting: LHB Lorenzo Romo
|
0-0: Foul Ball, location: 2F 0-1: Ball 1-1: Foul Ball, location: 2F 1-2: Foul Ball, location: 2F 1-2: Foul Ball, location: 2F 1-2: Strikes out swinging
|
Bottom of the 8th over - 0 runs, 0 hits, 0 errors, 0 left on base; Kentucky 4 - Utah 8 |
TOP OF THE 9TH |
Kentucky Wildcats batting - Pitching for Utah Utes : RHP Stanley Benson
|
Batting: RHB Johnny Carson
|
0-0: Foul Ball, location: 2F 0-1: Ball 1-1: Ball 2-1: Swinging Strike 2-2: Foul Ball, location: 2F 2-2: Strikes out looking
|
Batting: RHB Ken Jenkins
|
0-0: Fly out, F3 (Popup, 34)
|
Batting: RHB Jamal Martínez
|
0-0: Ball 1-0: Swinging Strike 1-1: Foul Ball, location: 2F 1-2: Strikes out looking
|
Top of the 9th over - 0 runs, 0 hits, 0 errors, 0 left on base; Kentucky 4 - Utah 8 |
|